[Event "World Senior chT-65 2019"]
[Site "Rhodes"]
[Date "2019.04.17"]
[Round "2.35"]
[White "Hvenekilde, Jorgen"]
[Black "Alkkiomaki, Jyrki"]
[Result "1/2-1/2"]
[ECO "D02"]
[WhiteElo "2046"]
[BlackElo "1908"]
[Annotator "NA RC"]
[PlyCount "43"]
[EventDate "2019.04.16"]
[EventType "team-tourn"]
[EventCountry "GRE"]
[SourceTitle "playchess.com"]
[Source "ChessBase"]
[SourceQuality "1"]
[WhiteTeam "Denmark"]
[BlackTeam "Finland"]
[WhiteTeamCountry "DEN"]
[BlackTeamCountry "FIN"]
[TimeControl "40/5400+30:1800+30"]

1. d4 d5 2. Nf3 Nf6 3. Bf4 e6 4. e3 c5 5. c3 Nc6 6. Bd3 Be7 7. Nbd2 Bd7 8. h3 Qb6 9. Rb1 c4 10. Bc2 Qa5 11. a3 b5 12. Bh2 Qd8 13. O-O O-O 14. Ne5 Nxe5 15. dxe5 Ne8 16. Nf3 g6 17. Nd4 Ng7 18. g4 f5 19. f4 Bc5 20. Bg3 a5 21. Be1 a4 22. Qd2 1/2-1/2

[Event "World Senior chT-65 2019"]
[Site "Rhodes"]
[Date "2019.04.17"]
[Round "2.36"]
[White "Kauko, Pekka"]
[Black "Grevlund, Per"]
[Result "1-0"]
[ECO "D60"]
[WhiteElo "1902"]
[BlackElo "1998"]
[Annotator "NA RC"]
[PlyCount "81"]
[EventDate "2019.04.16"]
[EventType "team-tourn"]
[EventCountry "GRE"]
[SourceTitle "playchess.com"]
[Source "ChessBase"]
[SourceQuality "1"]
[WhiteTeam "Finland"]
[BlackTeam "Denmark"]
[WhiteTeamCountry "FIN"]
[BlackTeamCountry "DEN"]
[TimeControl "40/5400+30:1800+30"]

1. d4 d5 2. Nf3 Nf6 3. c4 e6 4. Bg5 Be7 5. e3 c6 6. Nc3 Nbd7 7. Bd3 O-O 8. O-O Re8 9. Qe2 Nf8 10. Rfd1 Ng6 11. Ne5 Nd7 12. Bxe7 Qxe7 13. f4 f5 14. a3 Ngxe5 15. dxe5 Nb6 16. b4 dxc4 17. Bxc4 Nxc4 18. Qxc4 Bd7 19. Rd6 Rad8 20. Rad1 Bc8 21. b5 Rxd6 22. exd6 Qd7 23. bxc6 bxc6 24. Na4 Rd8 25. Nc5 Qf7 26. Qd4 Bd7 27. h3 Qf6 28. Qe5 Kf8 29. Rb1 Bc8 30. Rb8 Ke8 31. Ra8 a6 32. Qxf6 gxf6 33. Rxc8 Rxc8 34. d7+ Kd8 35. dxc8=Q+ Kxc8 36. Nxe6 Kb7 37. Kf1 Kb6 38. Ke2 Kb5 39. Nd4+ Ka4 40. Nxc6 Kxa3 41. Kd3 1-0

[Event "World Senior chT-65 2019"]
[Site "Rhodes"]
[Date "2019.04.17"]
[Round "2.37"]
[White "Maki, Christer"]
[Black "Scrimgour, Alan"]
[Result "1/2-1/2"]
[ECO "B26"]
[WhiteElo "1885"]
[BlackElo "2087"]
[Annotator "NA RC"]
[PlyCount "35"]
[EventDate "2019.04.16"]
[EventType "team-tourn"]
[EventCountry "GRE"]
[SourceTitle "playchess.com"]
[Source "ChessBase"]
[SourceQuality "1"]
[WhiteTeam "Sweden"]
[BlackTeam "Scotland"]
[WhiteTeamCountry "SWE"]
[BlackTeamCountry "SCO"]
[TimeControl "40/5400+30:1800+30"]

1. e4 c5 2. Nc3 Nc6 3. g3 g6 4. Bg2 Bg7 5. d3 d6 6. Be3 e6 7. Qd2 Rb8 8. a4 a6 9. h4 h5 10. Nge2 Nd4 11. Nd1 Nh6 12. Bxd4 cxd4 13. c3 dxc3 14. Ndxc3 Ng4 15. O-O O-O 16. d4 b5 17. axb5 axb5 18. b4 1/2-1/2

[Event "World Senior chT-65 2019"]
[Site "Rhodes"]
[Date "2019.04.17"]
[Round "2.39"]
[White "Dalling, Peter"]
[Black "Bhopal, Raj"]
[Result "0-1"]
[ECO "B21"]
[WhiteElo "1830"]
[BlackElo "1900"]
[Annotator "NA RC"]
[PlyCount "72"]
[EventDate "2019.04.16"]
[EventType "team-tourn"]
[EventCountry "GRE"]
[SourceTitle "playchess.com"]
[Source "ChessBase"]
[SourceQuality "1"]
[WhiteTeam "Sweden"]
[BlackTeam "Scotland"]
[WhiteTeamCountry "SWE"]
[BlackTeamCountry "SCO"]
[TimeControl "40/5400+30:1800+30"]

1. e4 c5 2. Nf3 d6 3. d4 cxd4 4. c3 dxc3 5. Nxc3 Nc6 6. Bc4 e6 7. O-O Be7 8. Qe2 Nf6 9. Rd1 Nd7 10. h3 a6 11. a4 O-O 12. Be3 Qa5 13. Nh2 Nde5 14. Ba2 Nb4 15. Bb3 Bd7 16. Bd4 Nec6 17. Be3 Rac8 18. Rac1 Kh8 19. Bf4 e5 20. Be3 Qd8 21. Qh5 Be8 22. Qg4 Qd7 23. Qg3 f5 24. exf5 Qxf5 25. Nd5 Nxd5 26. Bxd5 Bh5 27. f3 Bf7 28. Be4 Qh5 29. Qe1 Bb3 30. Rd3 Bxa4 31. Rdc3 Bg5 32. Ng4 Rcd8 33. Bxg5 Qxg5 34. Ne3 Bb5 35. Nd5 Nd4 36. Bd3 Nxf3+ 0-1

[Event "World Senior chT-65 2019"]
[Site "Rhodes"]
[Date "2019.04.17"]
[Round "2.40"]
[White "Dawson, Alastair"]
[Black "Gunnarsson, Lennart"]
[Result "1/2-1/2"]
[ECO "C00"]
[WhiteElo "1817"]
[BlackElo "1752"]
[Annotator "NA RC"]
[PlyCount "85"]
[EventDate "2019.04.16"]
[EventType "team-tourn"]
[EventCountry "GRE"]
[SourceTitle "playchess.com"]
[Source "ChessBase"]
[SourceQuality "1"]
[WhiteTeam "Scotland"]
[BlackTeam "Sweden"]
[WhiteTeamCountry "SCO"]
[BlackTeamCountry "SWE"]
[TimeControl "40/5400+30:1800+30"]

1. e4 e6 2. Qe2 Be7 3. Nf3 d5 4. d3 Nf6 5. g3 O-O 6. e5 Nfd7 7. Bg2 c5 8. O-O Nc6 9. c4 d4 10. Re1 Rb8 11. h4 Qc7 12. Bf4 b5 13. b3 bxc4 14. bxc4 Rb6 15. Na3 Ba6 16. Rab1 Rfb8 17. Ng5 Bxg5 18. hxg5 Ne7 19. Rxb6 Rxb6 20. g4 Ng6 21. Bg3 Qb8 22. Qd1 Rb4 23. f4 Qb6 24. f5 Ngf8 25. Re2 Qa5 26. Nb1 Qb6 27. Na3 Qa5 28. Qc1 Qc7 29. f6 Ng6 30. Qe1 Qa5 31. Qc1 Qc7 32. fxg7 Kxg7 33. Qe1 Qa5 34. Qc1 Qc7 35. Qf1 Rb8 36. Qe1 Rb4 37. Kf2 Qd8 38. Qc1 Qb8 39. Qe1 Qd8 40. Qc1 Qb8 41. Kg1 Qc7 42. Qf1 Rb8 43. Qe1 1/2-1/2

[Event "World Senior chT-65 2019"]
[Site "Rhodes"]
[Date "2019.04.17"]
[Round "2.43"]
[White "Valentine, Brian J"]
[Black "Van Herck, Marcel"]
[Result "0-1"]
[ECO "B17"]
[WhiteElo "1954"]
[BlackElo "2066"]
[Annotator "NA RC"]
[PlyCount "134"]
[EventDate "2019.04.16"]
[EventType "team-tourn"]
[EventCountry "GRE"]
[SourceTitle "playchess.com"]
[Source "ChessBase"]
[SourceQuality "1"]
[WhiteTeam "England"]
[BlackTeam "Belgium"]
[WhiteTeamCountry "ENG"]
[BlackTeamCountry "BEL"]
[TimeControl "40/5400+30:1800+30"]

1. e4 c6 2. d4 d5 3. Nd2 dxe4 4. Nxe4 Nd7 5. Ng5 h6 6. Ne6 Qb6 7. Nxf8 Nxf8 8. c3 Bf5 9. Nf3 Nf6 10. Ne5 N8d7 11. Bc4 e6 12. Qe2 O-O 13. O-O Nxe5 14. dxe5 Nd5 15. a3 a5 16. Ba2 Rfd8 17. Rd1 Qc5 18. c4 Ne7 19. Bf4 Rd4 20. Qe3 Rad8 21. Rxd4 Qxd4 22. Qxd4 Rxd4 23. g3 Ng6 24. Be3 Rd3 25. Bb6 Nxe5 26. f4 Nf3+ 27. Kf2 Nxh2 28. Bxa5 Ng4+ 29. Kg2 Re3 30. Re1 Be4+ 31. Kh3 Rxe1 32. Bxe1 f5 33. c5 Kf7 34. Bc4 Ne3 35. Be2 Bd5 36. Bd2 Nc2 37. Bc3 g5 38. fxg5 hxg5 39. a4 Kg6 40. a5 Ne3 41. a6 bxa6 42. Bxa6 Bg2+ 43. Kh2 Bf1 44. Bb7 Bb5 45. Kg1 Ng4 46. Bc8 e5 47. Bd7 Kf6 48. Be8 Ke6 49. Bh5 Nf6 50. Bd1 Ne4 51. Be1 Nxc5 52. Bc2 e4 53. Bd2 Bd3 54. Bd1 Kf6 55. Bc3+ Kg6 56. b4 Ne6 57. Bb3 Nc7 58. Kf2 Nd5 59. Bxd5 cxd5 60. Be5 Kh5 61. Bd4 Kg4 62. Bc5 f4 63. gxf4 gxf4 64. Ba7 Bb5 65. Bd4 e3+ 66. Ke1 Kf3 67. Bc5 Ke4 0-1

[Event "World Senior chT-65 2019"]
[Site "Rhodes"]
[Date "2019.04.17"]
[Round "2.44"]
[White "Schrickx, Frank"]
[Black "Thynne, Trefor F"]
[Result "1/2-1/2"]
[ECO "B22"]
[WhiteElo "1823"]
[BlackElo "1907"]
[Annotator "NA RC"]
[PlyCount "39"]
[EventDate "2019.04.16"]
[EventType "team-tourn"]
[EventCountry "GRE"]
[SourceTitle "playchess.com"]
[Source "ChessBase"]
[SourceQuality "1"]
[WhiteTeam "Belgium"]
[BlackTeam "England"]
[WhiteTeamCountry "BEL"]
[BlackTeamCountry "ENG"]
[TimeControl "40/5400+30:1800+30"]

1. e4 c5 2. c3 d5 3. exd5 Qxd5 4. d4 Nf6 5. Nf3 Bg4 6. Be2 e6 7. O-O Nc6 8. c4 Qd8 9. dxc5 Bxc5 10. Nc3 O-O 11. Bg5 Be7 12. Qa4 Qa5 13. Qxa5 Nxa5 14. b3 Rfd8 15. Rad1 Nc6 16. Rxd8+ Rxd8 17. Rd1 Rxd1+ 18. Bxd1 Kf8 19. h3 Bh5 20. Be3 1/2-1/2

[Event "World Senior chT-65 2019"]
[Site "Rhodes"]
[Date "2019.04.17"]
[Round "2.45"]
[White "Andersson, Kaj"]
[Black "Khandsuren, Sandagdorj"]
[Result "1-0"]
[ECO "B96"]
[WhiteElo "2030"]
[BlackElo "1954"]
[Annotator "NA RC"]
[PlyCount "90"]
[EventDate "2019.04.16"]
[EventType "team-tourn"]
[EventCountry "GRE"]
[SourceTitle "playchess.com"]
[Source "ChessBase"]
[SourceQuality "1"]
[WhiteTeam "Sweden"]
[BlackTeam "Mongolia"]
[WhiteTeamCountry "SWE"]
[BlackTeamCountry "MGL"]
[TimeControl "40/5400+30:1800+30"]

1. e4 c5 2. Nf3 d6 3. d4 cxd4 4. Nxd4 Nf6 5. Nc3 a6 6. Bg5 e6 7. f4 Be7 8. Qf3 Qc7 9. O-O-O Bd7 10. Kb1 Nc6 11. Be2 Rc8 12. Rhe1 Nxd4 13. Rxd4 b5 14. a3 e5 15. Rd2 Bc6 16. Bd3 Qb7 17. Qg3 b4 18. axb4 Qxb4 19. fxe5 Rb8 20. Nd1 dxe5 21. Qxe5 O-O 22. c3 Qb7 23. Qf4 Rfe8 24. Rf2 Bd8 25. e5 Nd5 26. Qh4 g6 27. Ref1 Bxg5 28. Qxg5 Re7 29. h4 Rbe8 30. Re2 Ba4 31. Kc1 Bd7 32. h5 a5 33. Bc4 Bb5 34. Bxb5 Qxb5 35. Rfe1 Qc6 36. Nf2 Nxc3 37. Rc2 Na2+ 38. Kb1 Qe6 39. Ng4 Rb8 40. Rh1 Nc3+ 41. Rxc3 Reb7 42. Rc2 Rb4 43. Nf6+ Kg7 44. hxg6 fxg6 45. Rxh7+ Kf8 1-0

[Event "World Senior chT-65 2019"]
[Site "Rhodes"]
[Date "2019.04.17"]
[Round "2.46"]
[White "Myagmarsuren, Begz"]
[Black "Carlsten, Peter"]
[Result "0-1"]
[ECO "A85"]
[WhiteElo "1911"]
[BlackElo "2002"]
[Annotator "NA RC"]
[PlyCount "128"]
[EventDate "2019.04.16"]
[EventType "team-tourn"]
[EventCountry "GRE"]
[SourceTitle "playchess.com"]
[Source "ChessBase"]
[SourceQuality "1"]
[WhiteTeam "Mongolia"]
[BlackTeam "Sweden"]
[WhiteTeamCountry "MGL"]
[BlackTeamCountry "SWE"]
[TimeControl "40/5400+30:1800+30"]

1. d4 f5 2. c4 Nf6 3. Nc3 g6 4. Nf3 Bg7 5. h3 d6 6. e3 {[%emt 0:00:50] A85: Dutch Defence: 2 c4 Nf6 3 Nc3} (6. Bf4 O-O 7. e3 c6 8. Be2 Qe8 9. Bh2 Nbd7 10. O-O e5 11. b4 h6 12. b5 c5 13. dxc5 dxc5 14. Nd5 Nxd5 15. Qxd5+ Qf7 {½-½ (46) Miton,K (2588)-Yakubboev,N (2556) St Petersburg 2018}) 6... c6 7. Be2 O-O 8. O-O Qc7 9. Qc2 e5 $146 ({Predecessor:} 9... Kh8 10. b3 Be6 11. Bb2 Bg8 12. Rad1 Nbd7 13. e4 fxe4 14. Nxe4 Nxe4 15. Qxe4 Nf6 16. Qh4 {0-1 (47) Litterst,R (1843)-Papenbrock,V (2085) Bad Woerishofen 2005}) 10. b3 Re8 11. Bd2 Kh8 12. Rac1 Be6 13. Ng5 Bg8 14. h4 h6 15. Nh3 Bh7 16. d5 Na6 17. a3 Qf7 18. b4 Nc7 19. dxc6 bxc6 20. f4 Ne6 21. fxe5 dxe5 22. Qa4 Qc7 23. Bf3 Rac8 24. Nf2 Nd7 25. Nh1 Bf6 26. Be1 g5 27. Bh5 Rf8 28. hxg5 hxg5 29. Be2 f4 30. Bg4 Rfe8 31. Bf2 Nb6 32. Qb3 Rcd8 33. Bxe6 Rxe6 34. exf4 gxf4 35. Rfd1 Rde8 36. Nd5 Qb7 37. Nxf6 Rxf6 38. Qh3 Qg7 39. Bxb6 axb6 40. Rd7 Re7 41. Rd8+ Rf8 42. Rcd1 Ref7 43. Nf2 Rxd8 44. Rxd8+ Rf8 45. Rxf8+ Qxf8 46. Qe6 Qg7 47. Qxc6 Bg8 48. Qxb6 f3 49. g4 Bxc4 50. Qd8+ Kh7 51. Qc8 Be2 52. Qf5+ Kg8 53. g5 Qc7 54. Qe6+ Kf8 55. Qf6+ Kg8 56. g6 Qc1+ 57. Kh2 Qf4+ $2 (57... Bc4 58. Qxe5 Qc2) 58. Qxf4 exf4 59. a4 $2 ({Only move:} 59. Kg1 $18) 59... Kg7 60. b5 Kxg6 61. b6 Ba6 62. Nd3 (62. a5 $11) 62... Kf5 63. Nc5 $2 (63. Kg1 $11 Ke4 64. Nb4 (64. Nc5+ Ke3 $11)) 63... f2 64. Nxa6 f1=Q 0-1

[Event "World Senior chT-65 2019"]
[Site "Rhodes"]
[Date "2019.04.17"]
[Round "2.47"]
[White "Lundgren, Ulf"]
[Black "Serjmyadag, Damdin"]
[Result "1-0"]
[ECO "D53"]
[WhiteElo "1964"]
[BlackElo "1895"]
[Annotator "NA RC"]
[PlyCount "111"]
[EventDate "2019.04.16"]
[EventType "team-tourn"]
[EventCountry "GRE"]
[SourceTitle "playchess.com"]
[Source "ChessBase"]
[SourceQuality "1"]
[WhiteTeam "Sweden"]
[BlackTeam "Mongolia"]
[WhiteTeamCountry "SWE"]
[BlackTeamCountry "MGL"]
[TimeControl "40/5400+30:1800+30"]

1. d4 e6 2. Nf3 d5 3. c4 Nf6 4. Bg5 Be7 5. e3 Ne4 6. Bxe7 Qxe7 7. Nc3 c6 8. Bd3 f5 9. Ne5 O-O 10. a3 Nd7 11. Nxd7 Bxd7 12. O-O Qg5 13. f4 Qh4 14. Nxe4 dxe4 15. Be2 Rad8 16. Qe1 Qe7 17. b4 Kh8 18. Qc3 Qf6 19. Rac1 Rc8 20. c5 Rg8 21. a4 g5 22. Bc4 gxf4 23. Rxf4 Rg7 24. Rc2 Rcg8 25. Qb2 Re8 26. Rcf2 Qe7 27. Rd2 Reg8 28. Qa2 Re8 29. Rf1 Rg5 30. Qb2 Qg7 31. b5 h5 32. Rf4 Kh7 33. Rdf2 Re7 34. a5 e5 35. Rh4 exd4 36. exd4 Kg6 37. b6 Qf8 38. bxa7 Qa8 39. Qb6 Rg4 40. Rxg4+ hxg4 41. Rb2 Be8 42. d5 Kg5 43. d6 Rg7 44. g3 Kf6 45. Rf2 Bd7 46. Rb2 Be6 47. Bxe6 Kxe6 48. Kf2 Rd7 49. Ke3 Ke5 50. Rf2 Rf7 51. Qb2+ Ke6 52. Qb3+ Kf6 53. Rxf5+ Kxf5 54. Qxf7+ Ke5 55. Qe7+ Kd5 56. d7 1-0

[Event "World Senior chT-65 2019"]
[Site "Rhodes"]
[Date "2019.04.17"]
[Round "2.48"]
[White "Bujinlkham, Purevdorj"]
[Black "Andersson, Sven-Olof"]
[Result "1/2-1/2"]
[ECO "B41"]
[WhiteElo "1786"]
[BlackElo "1904"]
[Annotator "NA RC"]
[PlyCount "28"]
[EventDate "2019.04.16"]
[EventType "team-tourn"]
[EventCountry "GRE"]
[SourceTitle "playchess.com"]
[Source "ChessBase"]
[SourceQuality "1"]
[WhiteTeam "Mongolia"]
[BlackTeam "Sweden"]
[WhiteTeamCountry "MGL"]
[BlackTeamCountry "SWE"]
[TimeControl "40/5400+30:1800+30"]

1. e4 c5 2. Nf3 e6 3. d4 cxd4 4. Nxd4 a6 5. c4 Qc7 6. Be2 Nf6 7. Nc3 Nc6 8. O-O Nxd4 9. Qxd4 Bd6 10. h3 h5 11. Qd3 b6 12. Kh1 Bb7 13. f3 h4 14. f4 Bb4 1/2-1/2

[Event "World Senior chT-65 2019"]
[Site "Rhodes"]
[Date "2019.04.18"]
[Round "3.1"]
[White "Bellin, Robert"]
[Black "Sveshnikov, Evgeny"]
[Result "1/2-1/2"]
[ECO "B33"]
[WhiteElo "2315"]
[BlackElo "2481"]
[Annotator "ChessBase"]
[PlyCount "26"]
[EventDate "2019.04.16"]
[EventType "team-tourn"]
[EventCountry "GRE"]
[SourceTitle "playchess.com"]
[Source "ChessBase"]
[SourceQuality "1"]
[WhiteTeam "England"]
[BlackTeam "Russia"]
[WhiteTeamCountry "ENG"]
[BlackTeamCountry "RUS"]
[TimeControl "40/5400+30:1800+30"]

1. e4 c5 2. Nf3 Nc6 3. d4 cxd4 4. Nxd4 e5 5. Nf5 Nf6 6. Nc3 d5 7. exd5 Bxf5 8. dxc6 bxc6 9. Qf3 Qd7 10. Bc4 Be7 11. O-O O-O 12. Rd1 Qc8 13. Re1 Bxc2 1/2-1/2

[Event "World Senior chT-65 2019"]
[Site "Rhodes"]
[Date "2019.04.18"]
[Round "3.2"]
[White "Balashov, Yuri S"]
[Black "Povah, Nigel E"]
[Result "1/2-1/2"]
[ECO "E50"]
[WhiteElo "2470"]
[BlackElo "2319"]
[PlyCount "61"]
[EventDate "2019.04.16"]
[EventType "team-tourn"]
[EventCountry "GRE"]
[TimeControl "40/5400+30:1800+30"]

1. d4 d5 2. Nf3 Nf6 3. c4 e6 4. Nc3 Bb4 5. e3 O-O 6. Be2 b6 7. O-O Ba6 8. cxd5 exd5 9. Bxa6 Nxa6 10. Qa4 Qc8 11. Bd2 Qb7 12. Rac1 Rfe8 13. a3 Bf8 14. b4 c5 15. bxc5 bxc5 16. Rb1 Qc8 17. Rfc1 c4 18. e4 dxe4 19. Ne5 Nc7 20. Qxc4 Ne6 21. Qa2 Nxd4 22. Nxf7 Qe6 23. Qxe6 Nxe6 24. Ng5 Bxa3 25. Re1 Rad8 26. Ngxe4 Nxe4 27. Nxe4 Nc5 28. Ba5 Rb8 29. Rxb8 Rxb8 30. Bc7 Ra8 31. Bd6 1/2-1/2

[Event "World Senior chT-65 2019"]
[Site "Rhodes"]
[Date "2019.04.18"]
[Round "3.3"]
[White "Stebbings, Anthony J"]
[Black "Rashkovsky, Nukhim N"]
[Result "1/2-1/2"]
[ECO "E40"]
[WhiteElo "2281"]
[BlackElo "2488"]
[Annotator "ChessBase"]
[PlyCount "38"]
[EventDate "2019.04.16"]
[EventType "team-tourn"]
[EventCountry "GRE"]
[SourceTitle "playchess.com"]
[Source "ChessBase"]
[SourceQuality "1"]
[WhiteTeam "England"]
[BlackTeam "Russia"]
[WhiteTeamCountry "ENG"]
[BlackTeamCountry "RUS"]
[TimeControl "40/5400+30:1800+30"]

1. d4 Nf6 2. c4 e6 3. Nc3 Bb4 4. e3 Nc6 5. Nge2 d5 6. a3 Bd6 7. cxd5 exd5 8. g3 a6 9. Bg2 Ne7 10. O-O h5 11. h3 Be6 12. Nf4 Bxf4 13. exf4 Qd7 14. Kh2 Kf8 15. a4 a5 16. b3 Nf5 17. Ba3+ Kg8 18. Qd3 c6 19. Rfe1 Nd6 1/2-1/2

[Event "World Senior chT-65 2019"]
[Site "Rhodes"]
[Date "2019.04.18"]
[Round "3.4"]
[White "Zhelnin, Vladimir V"]
[Black "Snape, Ian L"]
[Result "1/2-1/2"]
[ECO "B70"]
[WhiteElo "2429"]
[BlackElo "2154"]
[PlyCount "114"]
[EventDate "2019.04.16"]
[EventType "team-tourn"]
[EventCountry "GRE"]
[TimeControl "40/5400+30:1800+30"]

1. e4 c5 2. Nf3 d6 3. d4 cxd4 4. Nxd4 Nf6 5. Nc3 g6 6. Be2 Bg7 7. O-O O-O 8. Bg5 Nc6 9. Nb3 a6 10. Re1 b5 11. a3 Bb7 12. Bf1 Na5 13. Nxa5 Qxa5 14. Qd2 Rac8 15. f3 Rfd8 16. Rad1 Qc7 17. Bd3 Re8 18. Bh6 Qc5+ 19. Kh1 Bh8 20. Be3 Qc7 21. a4 b4 22. Na2 a5 23. c3 b3 24. Nc1 Bc6 25. Bc4 Bxa4 26. Bxb3 Bxb3 27. Nxb3 Rb8 28. Nd4 Qb7 29. Rb1 a4 30. Nc2 Nd7 31. Nb4 Nc5 32. Red1 Bg7 33. Kg1 h5 34. Bxc5 dxc5 35. Nc2 Qc7 36. Na3 Be5 37. g3 h4 38. f4 Bg7 39. Nc4 Red8 40. Qe2 hxg3 41. hxg3 Qc6 42. Kf2 Rd7 43. Rxd7 Qxd7 44. Rd1 Qh3 45. Rd2 g5 46. f5 a3 47. Nxa3 Be5 48. Qe3 Qh2+ 49. Kf1 Qh3+ 50. Ke2 f6 51. Qxc5 Bxg3 52. Qd5+ Kf8 53. Nc4 Bf4 54. Rd4 Qg4+ 55. Ke1 Qg1+ 56. Ke2 Qg4+ 57. Ke1 Qg1+ 1/2-1/2

[Event "World Senior chT-65 2019"]
[Site "Rhodes"]
[Date "2019.04.18"]
[Round "3.5"]
[White "Knaak, Rainer"]
[Black "Faibisovich, Vadim Z"]
[Result "1/2-1/2"]
[ECO "D00"]
[WhiteElo "2482"]
[BlackElo "2302"]
[PlyCount "99"]
[EventDate "2019.04.16"]
[EventType "team-tourn"]
[EventCountry "GRE"]
[TimeControl "40/5400+30:1800+30"]

1. d4 Nf6 2. Bf4 d5 3. e3 c5 4. dxc5 Qa5+ 5. Nc3 Qxc5 6. Bxb8 Rxb8 7. Bb5+ Bd7 8. Bxd7+ Kxd7 9. Nf3 Ke8 10. O-O e6 11. Qd3 Qc4 12. Qxc4 dxc4 13. Ne5 Bb4 14. Nb5 a6 15. a3 Bc5 16. Nc3 b5 17. Rfd1 Rc8 18. Rd2 Ke7 19. Rad1 Rc7 20. h4 h5 21. Kf1 b4 22. axb4 Bxb4 23. Rd4 Bxc3 24. bxc3 Rhc8 25. e4 Rc5 26. Nd7 R5c6 27. f4 R8c7 28. Ne5 Rc5 29. Ke2 a5 30. Kf3 g6 31. Rd8 Ng4 32. Nxg4 hxg4+ 33. Kxg4 Ra7 34. Rb8 a4 35. Ra1 a3 36. Ra2 Kf6 37. Kf3 e5 38. Rb6+ Ke7 39. f5 gxf5 40. exf5 Rd5 41. g4 Rd1 42. f6+ Kd7 43. g5 Rh1 44. Kg4 e4 45. Rb4 e3 46. Kf3 Rxh4 47. Kxe3 Ra5 48. Rb7+ {[%emt 0:00:53] Ra7 [%emt 00:00:54] Rb6 [%emt 00:00:04]} Ke6 49. Rb4 Rh5 50. Ke4 {[%emt 0:00:04] Ke5+} 1/2-1/2

[Event "World Senior chT-65 2019"]
[Site "Rhodes"]
[Date "2019.04.18"]
[Round "3.6"]
[White "Karasev, Vladimir I"]
[Black "Vogt, Lothar"]
[Result "1/2-1/2"]
[ECO "B53"]
[WhiteElo "2281"]
[BlackElo "2362"]
[Annotator "NA"]
[PlyCount "29"]
[EventDate "2019.04.16"]
[EventType "team-tourn"]
[EventCountry "GRE"]
[SourceTitle "playchess.com"]
[Source "ChessBase"]
[SourceQuality "1"]
[WhiteTeam "Russia"]
[BlackTeam "Germany"]
[WhiteTeamCountry "RUS"]
[BlackTeamCountry "GER"]
[TimeControl "40/5400+30:1800+30"]

1. e4 c5 2. Nf3 d6 3. d4 cxd4 4. Qxd4 a6 5. c4 Nc6 6. Qd2 Nf6 7. Nc3 g6 8. b3 Bg7 9. Bb2 O-O 10. Be2 Qa5 11. Nd5 Qxd2+ 12. Nxd2 Nd7 13. Bxg7 Kxg7 14. Nf3 Nc5 15. Nc3 1/2-1/2

[Event "World Senior chT-65 2019"]
[Site "Rhodes"]
[Date "2019.04.18"]
[Round "3.7"]
[White "Kiefer, Gerhard"]
[Black "Shushpanov, Vladimir"]
[Result "0-1"]
[ECO "B15"]
[WhiteElo "2279"]
[BlackElo "2180"]
[PlyCount "102"]
[EventDate "2019.04.16"]
[EventType "team-tourn"]
[EventCountry "GRE"]
[TimeControl "40/5400+30:1800+30"]

1. e4 c6 2. d4 d5 3. Nc3 b5 4. Bd3 b4 5. Na4 dxe4 6. Bxe4 Nf6 7. Bf3 Bf5 8. Ne2 e6 9. Ng3 Bg6 10. O-O Be7 11. c4 bxc3 12. bxc3 O-O 13. Re1 Qc7 14. Qe2 Nbd7 15. Qa6 Nb6 16. Nc5 Nbd5 17. Bd2 Qb6 18. Qxb6 axb6 19. Nce4 Nxe4 20. Nxe4 Ra4 21. Bd1 Ra3 22. Bb3 Rfa8 23. f3 h6 24. Rab1 b5 25. Rb2 Nb6 26. Bc1 R3a7 27. Be3 Nd5 28. Bd2 Nf6 29. Rc2 c5 30. dxc5 Nxe4 31. fxe4 Bxc5+ 32. Kh1 Rd7 33. Bf4 Bxe4 34. Rd2 Rxd2 35. Bxd2 Bd5 36. h3 Bxb3 37. axb3 Ra2 38. Rd1 Rc2 39. Be1 f5 40. b4 Be3 41. g3 Kf7 42. Ra1 Re2 43. c4 bxc4 44. Bc3 Rc2 45. Be5 Rc1+ 46. Rxc1 Bxc1 47. Kg2 g6 48. Kf3 Ke7 49. b5 Kd7 50. Ke2 Ba3 51. Kd2 Bd6 0-1

[Event "World Senior chT-65 2019"]
[Site "Rhodes"]
[Date "2019.04.18"]
[Round "3.8"]
[White "Blechzin, Igor"]
[Black "Buchal, Stephan"]
[Result "1/2-1/2"]
[ECO "E68"]
[WhiteElo "2210"]
[BlackElo "2283"]
[Annotator "NA"]
[PlyCount "27"]
[EventDate "2019.04.16"]
[EventType "team-tourn"]
[EventCountry "GRE"]
[SourceTitle "playchess.com"]
[Source "ChessBase"]
[SourceQuality "1"]
[WhiteTeam "Russia"]
[BlackTeam "Germany"]
[WhiteTeamCountry "RUS"]
[BlackTeamCountry "GER"]
[TimeControl "40/5400+30:1800+30"]

1. c4 g6 2. Nf3 Bg7 3. d4 d6 4. g3 Nf6 5. Bg2 O-O 6. O-O Nc6 7. Nc3 e5 8. d5 Nb8 9. c5 Na6 10. cxd6 cxd6 11. e4 Nc5 12. Ne1 a5 13. Nd3 Nfd7 14. Be3 1/2-1/2

[Event "World Senior chT-65 2019"]
[Site "Rhodes"]
[Date "2019.04.18"]
[Round "3.9"]
[White "Westerinen, Heikki M.J."]
[Black "Renman, Nils-Gustaf"]
[Result "0-1"]
[ECO "C09"]
[WhiteElo "2286"]
[BlackElo "2358"]
[PlyCount "66"]
[EventDate "2019.04.16"]
[EventType "team-tourn"]
[EventCountry "GRE"]
[TimeControl "40/5400+30:1800+30"]

1. e4 e6 2. d4 d5 3. Nd2 c5 4. exd5 exd5 5. Ngf3 Nc6 6. Bb5 Qe7+ 7. Be2 Qc7 8. O-O Nf6 9. Re1 cxd4 10. Nb3 Bb4 11. Bd2 Bxd2 12. Qxd2 O-O 13. Nbxd4 Ne4 14. Qe3 Re8 15. Qb3 Bg4 16. Rad1 Rad8 17. Nxc6 bxc6 18. Nd4 Rb8 19. Qa3 Bxe2 20. Rxe2 c5 21. Nf3 d4 22. Rde1 Qc6 23. Qd3 f5 24. Qc4+ Qe6 25. Qxe6+ Rxe6 26. b3 Ra6 27. a4 Rd6 28. Nd2 d3 29. Nxe4 fxe4 30. Rd2 c4 31. bxc4 Rb2 32. Kf1 dxc2 33. Rde2 Rd1 0-1

[Event "World Senior chT-65 2019"]
[Site "Rhodes"]
[Date "2019.04.18"]
[Round "3.10"]
[White "Uddenfeldt, Dan"]
[Black "Rantanen, Yrjo A."]
[Result "1/2-1/2"]
[ECO "E34"]
[WhiteElo "2339"]
[BlackElo "2283"]
[PlyCount "86"]
[EventDate "2019.04.16"]
[EventType "team-tourn"]
[EventCountry "GRE"]
[TimeControl "40/5400+30:1800+30"]

1. d4 Nf6 2. c4 e6 3. Nc3 Bb4 4. e3 O-O 5. Bd3 d5 6. Qc2 dxc4 7. Bxc4 b6 8. Nge2 Bb7 9. O-O Nc6 10. f4 Na5 11. Bd3 c5 12. Ne4 Bxe4 13. Bxe4 Rc8 14. Qd3 cxd4 15. Nxd4 Nxe4 16. Qxe4 Bc5 17. b3 Bxd4 18. exd4 Qd5 19. Qxd5 exd5 20. Ba3 Rfe8 21. Rfe1 Nc6 22. Red1 Re2 23. Rdc1 Ree8 24. Bb2 Nb4 25. Rxc8 Rxc8 26. Rc1 Rxc1+ 27. Bxc1 Nxa2 28. Bd2 Kf8 29. f5 Ke7 30. Kf2 Kd7 31. Kf3 f6 32. g4 h6 33. h4 a5 34. h5 b5 35. Bxa5 Nc1 36. Ke3 Nxb3 37. Bb4 Ke8 38. Bc3 Nc1 39. Kd2 Na2 40. Kc2 Nxc3 41. Kxc3 Kd7 42. Kb4 Kc6 43. Ka5 b4 1/2-1/2